Description

(Muta, ling)

Build Order

Get SALT Encoding   

  12  0:00  Drone  
  13  0:12  Overlord  
  13  0:17  Drone  
  14  0:31  Drone x2  
  14  0:34  Drone  
  17  0:52  Hatchery  
  17  0:55  Drone  
  17  1:09  Spawning Pool  
  16  1:11  Extractor  
  16  1:13  Drone  
  16  1:17  Drone  
  17  1:20  Drone  
  18  1:29  Drone  
  19  1:38  Overlord  
  19  1:57  Queen, Zergling x2  
  22  2:03  Queen  
  22  2:06  Drone x2  
  26  2:10  Drone  
  26  2:11  Metabolic Boost  
  27  2:18  Drone  
  27  2:21  Drone  
  29  2:27  Drone  
  30  2:32  Drone  
  31  2:46  Hatchery  
  31  2:49  Drone x2  
  32  2:54  Baneling Nest  
  32  2:57  Drone  
  32  3:00  Overlord  
  32  3:01  Drone  
  33  3:06  Drone x2  
  33  3:08  Drone  
  36  3:18  Queen  
  38  3:23  Drone x2  
  38  3:24  Zergling x2  
  38  3:26  Overlord  
  41  3:34  Drone x2  
  41  3:36  Drone  
  41  3:37  Baneling x2  
  44  3:45  Drone x6  
  44  3:46  Drone  
  51  3:50  Drone  
  51  3:59  Extractor, Drone x2  
  51  4:00  Roach Warren, Drone  
  52  4:06  Overlord  
  52  4:09  Zergling x2  
  53  4:14  Drone  
  54  4:18  Overlord  
  54  4:20  Drone x4  
  54  4:23  Extractor  
  54  4:24  Overlord  
  57  4:26  Lair, Drone x2  
  57  4:28  Drone  
  57  4:29  Extractor, Drone  
  60  4:33  Evolution Chamber  
  60  4:37  Drone  
  60  4:38  Drone x3  
  63  4:44  Roach x2  
  63  4:45  Roach  
  69  4:46  Overlord  
  69  4:50  Overlord  
  69  4:53  Overlord  
  69  4:57  Overlord  
  69  5:02  Zergling x12  
  69  5:06  Zergling x6, Extractor x2  
  76  5:07  Zergling x2  
  76  5:10  Zergling x2  
  78  5:15  Baneling  
  78  5:18  Zergling x2  
  78  5:19  Zergling x10  
  84  5:24  Spire  
  84  5:25  Zergling x2  
  84  5:26  Zergling x2  
  85  5:29  Zergling x2  
  86  5:36  Zergling x2  
  86  5:44  Zergling x2  
  86  5:48  Zergling x4  
  88  5:55  Zergling x10  
  88  5:56  Zergling x8  
  93  6:06  Zergling x6  
  93  6:07  Zergling x2  
  78  6:27  Overlord  
  77  6:37  Mutalisk x10  
  93  6:40  Spine Crawler x2, Mutalisk x2  
  93  6:42  Mutalisk  
  93  6:46  Mutalisk  
  97  6:50  Mutalisk  
  97  6:52  Mutalisk  
  103  6:56  Mutalisk  
  105  7:02  Zergling x6  
  105  7:03  Zergling x2  
  105  7:04  Zergling x2  
  105  7:08  Mutalisk  
  108  7:11  Mutalisk  
  108  7:14  Mutalisk  
  114  7:19  Mutalisk  
  111  7:26  Mutalisk  
  111  7:31  Zergling x12  
  111  7:35  Mutalisk  
  113  7:39  Mutalisk  
  115  7:44  Mutalisk  
  115  7:50  Mutalisk  
  119  7:55  Zergling x6  
  119  7:56  Overlord  
Spawning Tool Build Advisor. Get it on Overwolf

Analysis

(Muta, ling)

Go to:

Details

  • Created by: DarkHeartz
  • Published on: Nov 08, 2016
  • Modified on: Nov 08, 2016
  • Patch: Pre-3.8.0
Show
View Real Time Build Order
Export as new Build Order

Comments (0)

There are no comments. Be the first!

Create an account to comment!